 Dungeon Crawl Stone Soup version 0.30-a0-50-gb2d611f6b1 (webtiles) character file.

Game seed: 10799906679025839728

489 timneilson the Covered (level 7, -10/43 HPs)
             Began as a Gargoyle Fighter on Sept 3, 2022.
             Was an Initiate of Okawaru.
             Killed by divine providence
             ... invoked by an orc priest
              (14 damage)
             ... on level 6 of the Dungeon.
             The game lasted 00:08:47 (6457 turns).

timneilson the Covered (Gargoyle Fighter)           Turns: 6457, Time: 00:08:48

Health: -10/43     AC: 12    Str: 22    XL:     7   Next: 14%
Magic:  7/7        EV: 10    Int:  8    God:    Okawaru [......]
Gold:   244        SH:  9    Dex:  9    Spells: 6/6 levels left

rFire   . . .      SeeInvis .    a - +1 long sword
rCold   . . .      Faith    .    c - +0 buckler
rNeg    + . .      Spirit   .    b - +0 scale mail
rPois   ∞          Reflect  +    (no helmet)
rElec   +          Harm     .    (no cloak)
rCorr   .          Rampage  .    (no gloves)
Will    +....                    (no boots)
Stlth   ..........               p - amulet of reflection
HPRegen 0.14/turn                r - ring of willpower
MPRegen 0.10/turn                (no ring)

@: no status effects
A: sickness immunity, AC +4, negative energy resistance 1, electricity
resistance, torment resistance 1, petrification resistance
a: Renounce Religion


You were on level 6 of the Dungeon.
You worshipped Okawaru.
Okawaru was noncommittal.
You visited 2 branches of the dungeon, and saw 7 of its levels.

You collected 244 gold pieces.

Inventory:

Hand Weapons
 a - a +1 long sword (weapon)
Armour
 b - a +0 scale mail (worn)
 c - a +0 buckler (worn)
 q - a +0 plate armour
Jewellery
 p - an amulet of reflection (around neck)
 r - a ring of willpower (left hand)
 t - a ring of magical power
Wands
 h - a wand of acid (11)
 v - a wand of flame (26)
Scrolls
 f - a scroll of blinking
 i - 2 scrolls of enchant weapon
 m - a scroll of teleportation
 s - 2 scrolls of amnesia
Potions
 g - 2 potions of brilliance
 j - 3 potions of attraction
 k - 2 potions of lignification
 l - 2 potions of curing
 n - a potion of mutation {unknown}
 o - a potion of heal wounds


   Skills:
 + Level 4.1 Fighting
 * Level 3.4 Long Blades
 * Level 5.1 Armour
 + Level 1.6 Dodging
 * Level 5.0 Shields
 + Level 0.8 Invocations
 + Level 1.3 Evocations


You had 6 spell levels left.
You didn't know any spells.
Your spell library contained the following spells:

 Spells                   Type           Power      Damage    Failure   Level
 Portal Projectile        Hex/Tloc       0%         N/A       99%         3
 Blade Hands              Tmut           0%         N/A       100%        5
 Tukima's Dance           Hex            Unusable   N/A       N/A         3

Dungeon Overview and Level Annotations

Branches:
Dungeon (6/15)             Temple (1/1) D:5

Altars:
Ashenzari
Cheibriados
Elyvilon
Gozag
Hepliaklqana
Nemelex Xobeh
Okawaru
Qazlal
Trog
Uskayaw
Wu Jian
Zin
The Shining One

Shops:
D:1 [   D:2 ?   D:3 *   D:4 (

Annotations:
D:2 1 runed translucent door, Crazy Yiuf
D:3 1 runed translucent door, porpoise's ghost, amateur HuBr


Innate Abilities, Weirdness & Mutations

You are immune to sickness and miasma.
Your stone body is resilient. (AC +4)
You are immune to poison.
You resist negative energy. (rN+)
You are resistant to electric shocks. (rElec)
You are resistant to unholy torment.
You are immune to petrification.


Message History

The orc priest is severely wounded.
The orc priest barely misses you.
The orc priest hits you but does no damage.
You barely miss the orc priest.
The orc priest is severely wounded.
The orc priest casts a cantrip, but nothing happens.
You feel much better.
The orc priest calls down the wrath of Beogh upon you.
You resist with some effort.
You hit the orc priest but do no damage.
The orc priest is severely wounded.
The orc priest calls down the wrath of Beogh upon you.
You resist with some effort.
You barely miss the orc priest.
The orc priest is severely wounded.
The orc priest hits you but does no damage.
You barely miss the orc priest.
The orc priest is heavily wounded.
You block the orc priest's attack. The orc priest closely misses you.
You barely miss the orc priest.
The orc priest is heavily wounded.
The orc priest hits you but does no damage.
You closely miss the orc priest.
The orc priest is heavily wounded.
You block the orc priest's attack.
You closely miss the orc priest.
The orc priest is heavily wounded.
The orc priest invokes the aid of Beogh against you.
Beogh smites you!
* * * LOW HITPOINT WARNING * * *
You hit the orc priest but do no damage.
The orc priest is heavily wounded.
The orc priest miscasts a cantrip.
The orc priest mumbles some strange prayers to Beogh against you.
Beogh smites you!
* * * LOW HITPOINT WARNING * * *
You block the orc priest's attack.
The orc priest mumbles some strange prayers to Beogh against you.
Beogh smites you!
You die...

#.## #..# #..# #..# #..##
#...# #####..#######
.............#######
.........###....@oo########
##..........#######o......#
#.........## #..........
#.........# #..........
#.........# #..........
##........## #..........
#.........# ##.........
#........## #.........
#........# #.........


You could see 2 orc priests and an orc wizard.

Vanquished Creatures
  Edmund (D:4)
  A howler monkey (D:5)
  A jelly (D:5)
  2 orc priests (D:5)
  An orc wizard (D:6)
  3 iguanas
  3 adders
  A gnoll (D:2)
  A white imp (D:6)
  An ufetubus (D:4)
  3 dart slugs
  10 orcs
  8 ball pythons
  9 endoplasms
  3 giant cockroaches
  7 goblins
  4 hobgoblins
  2 jackals (D:2)
  A quokka (D:3)
  6 bats
  4 frilled lizards
  4 kobolds
  5 rats
81 creatures vanquished.

Notes
Turn   | Place    | Note
-------+----------+-------------------------------------------
     0 | D:1      | timneilson the Gargoyle Fighter began the quest for the
                  | Orb.
     0 | D:1      | Reached XP level 1. HP: 14/14 MP: 1/1
    91 | D:1      | Found Vosawk's Antique Armour Shoppe.
   229 | D:1      | Reached XP level 2. HP: 8/19 MP: 2/2
   893 | D:2      | Found Ameyg's Magic Scroll Shoppe.
   911 | D:2      | Reached XP level 3. HP: 11/23 MP: 3/3
  1747 | D:2      | Reached XP level 4. HP: 24/28 MP: 4/4
  2220 | D:2      | Found a faded altar of an unknown god.
  2346 | D:2      | Found a runed translucent door.
  2347 | D:2      | Noticed Crazy Yiuf
  2610 | D:3      | Found a faded altar of an unknown god.
  2614 | D:3      | Found a hide-covered altar of Uskayaw.
  2666 | D:3      | Found a runed translucent door.
  2666 | D:3      | Noticed porpoise's ghost (amateur HuBr)
  2888 | D:3      | Found Ighus's Assorted Antiques.
  2936 | D:3      | Identified the +6 hand axe of Nighiergh {vorpal, rF+ Int-5
                  | Dex+4}
  3305 | D:4      | Reached skill level 1 in Dodging
  3305 | D:4      | Reached XP level 5. HP: 3/33 MP: 5/5
  3606 | D:4      | Found Ynliaworch's Weapon Shoppe.
  3693 | D:4      | Noticed Edmund
  3707 | D:4      | Killed Edmund
  3708 | D:4      | Reached XP level 6. HP: 10/38 MP: 6/6
  4340 | D:4      | Found a stormy altar of Qazlal.
  4520 | D:5      | Entered Level 5 of the Dungeon
  4624 | D:5      | Found an opulent altar of Gozag.
  4860 | D:5      | Reached skill level 1 in Evocations
  5066 | D:5      | Found a staircase to the Ecumenical Temple.
  5082 | Temple   | Entered the Ecumenical Temple
  5193 | Temple   | Became a worshipper of Warmaster Okawaru
  5338 | D:5      | Found an ornate altar of the Wu Jian Council.
  5752 | D:5      | Reached skill level 5 in Armour
  5982 | D:6      | Found a glowing golden altar of the Shining One.
  6009 | D:6      | Reached XP level 7. HP: 8/43 MP: 7/7
  6316 | D:6      | Reached skill level 5 in Shields
  6457 | D:6      | Killed from afar by an orc priest

Illustrated notes

Levels and vault maps discovered:
D:1:      dpeg_arrival_ternary, layout_rooms, serial_shops, shop_coins,
          kennysheep_minor_cross
D:2:      layout_basic, shapermc_ecumenical_altar_mp_vishouse, serial_shops,
          shop, cheibrodos_gnoll_hut, uniq_crazy_yiuf_cottage
D:3:      layout_loops_ring, nicolae_overflow_ecumenical_swirl, serial_shops,
          nicolae_lakefront_shop, gammafunk_ghost_grave
D:4:      layout_basic, kennysheep_mini, serial_shops, shop,
          hangedman_abyss_or_decor_lesser_grid, uniq_edmund
D:5:      layout_rooms, nicolae_gozag_cash_rules_everything_around_me,
          pdpol_wu_jian_five_deadly_venoms, minmay_temple_entry_statues
D:6:      layout_cave_pods, mainiacjoe_overflow_brackets
Temple:   nicolae_temple_superstar

Skill      XL: |  1  2  3  4  5  6  7 |
---------------+----------------------+-----
Long Blades    | 2 3 |  3.4
Armour         | 4 5 |  5.1
Shields        | 4 5 |  5.0
Dodging        | 1 |  1.6
Fighting       | 4 |  4.1
Evocations     | 1 |  1.3
Invocations    | |  0.8

Action                   |  1- 3 |  4- 6 |  7- 9 || total
-------------------------+-------+-------+-------++-------
Melee: Long sword        |   156 |   198 |    53 ||   407
  Use: Scroll            |     2 |    13 |       ||    15
       Potion            |       |     3 |     1 ||     4
Armor: Scale mail        |    93 |    78 |    24 ||   195
Dodge: Dodged            |    89 |    84 |    10 ||   183
Block: Buckler           |    41 |    95 |    14 ||   150
       Reflection        |       |     4 |       ||     4

Table legend: (Time is in decaauts)
 A = Elapsed time spent in this place.
 B = Non-inter-level travel time spent in this place.
 C = Inter-level travel time spent in this place.
 D = Time resting spent in this place.
 E = Time spent auto-exploring this place.
 F = Levels seen in this place.
 G = Mean time per level.
                   A        B        C        D        E       F      G
               +--------+--------+--------+--------+--------+-----+--------+
         Total |   6564 |   6500 |     64 |    624 |   4767 |   7 |  937.7 |
       Dungeon |   6435 |   6388 |     47 |    624 |   4687 |   6 | 1072.5 |
        Temple |    129 |    112 |     17 |      0 |     80 |   1 |  129.0 |
               +--------+--------+--------+--------+--------+-----+--------+

Top non-repeatable levels by time:
     D:2: 1654 daAuts
     D:5: 1417 daAuts
     D:4: 1283 daAuts
     D:1: 912 daAuts
     D:3: 735 daAuts
     D:6: 430 daAuts
  Temple: 129 daAuts
